 Dungeon Crawl Stone Soup version 0.20-a0-553-g9f38e11 (webtiles) character file.

8481 Klosterheim the Basher (level 11, 0/93 HPs)
             Began as a Minotaur Fighter on Feb 3, 2017.
             Was a Priest of Okawaru.
             Killed by vampiric draining
             ... invoked by a vampire
              (9 damage)
             ... on level 10 of the Dungeon.
             The game lasted 00:20:18 (9502 turns).

Klosterheim the Basher (Minotaur Fighter)           Turns: 9502, Time: 00:20:19

Health: 0/93       AC: 13    Str: 25    XL:     11   Next: 10%
Magic:  10/11      EV: 13    Int:  5    God:    Okawaru [***...]
Gold:   536        SH: 19    Dex:  9    Spells: 10/10 levels left

rFire    . . .     SeeInvis .   h - +1 whip (drain)
rCold    + + .     Gourm    .   w - +0 ring mail "Weusus" {+Blink rC+ MR+ Int-5 Slay-5} (curse)
rNeg     . . .     Faith    .   c - +0 shield
rPois    .         Spirit   .   (helmet restricted)
rElec    .         Reflect  +   u - +0 cloak
rCorr    .         Harm     .   p - +1 pair of gloves
MR       +....                  (no boots)
Stlth    ++........             A - +5 amulet of reflection
Regen    0.3/turn               a - ring of flight
                                E - ring of protection from cold

@: brilliant, heroism, hasted, very quick
A: retaliatory headbutt, horns 2
a: Heroism, Renounce Religion, Evoke Blink, Evoke Flight


You were on level 10 of the Dungeon.
You worshipped Okawaru.
Okawaru was most pleased with you.
You were not hungry.

You visited 2 branches of the dungeon, and saw 11 of its levels.
You also visited: Ossuary.

You collected 536 gold pieces.

Inventory:

Hand Weapons
 h - a +1 whip of draining (weapon)
Armour
 c - a +0 shield (worn)
 p - a +1 pair of gloves (worn)
 u - a +0 cloak (worn)
 w - the cursed +0 ring mail "Weusus" (worn) {+Blink rC+ MR+ Int-5 Slay-5}
   (You found it on level 10 of the Dungeon)

   It affects your intelligence (-5).
   It affects your accuracy and damage with ranged weapons and melee attacks
   (-5).
   It protects you from cold.
   It affects your resistance to hostile enchantments.
   It lets you blink.
   It has a curse placed upon it.
 z - a +0 plate armour
 I - a +0 scale mail of cold resistance
Jewellery
 a - a ring of flight (right hand)
 A - a +5 amulet of reflection (around neck)
 E - a ring of protection from cold (left hand)
 F - an uncursed amulet of magic regeneration {unknown}
Wands
 B - a wand of acid (11/15)
Scrolls
 e - a scroll of magic mapping
 g - 4 scrolls of teleportation
 j - a scroll of fear
 l - a scroll of blinking
 r - 2 scrolls of identify
 G - 6 scrolls of recharging
Potions
 d - 4 potions of curing
 k - 2 potions of flight
 n - a potion of cancellation
 q - a potion of ambrosia {unknown}
 v - 2 potions of haste
Books
 y - a book of Ice

   Spells                             Type                      Level
   a - Ice Form                       Ice/Transmutation            4
   b - Metabolic Englaciation         Hexes/Ice                    5
   c - Ozocubu's Refrigeration        Ice                          6
   d - Bolt of Cold                   Conjuration/Ice              6
   e - Freezing Cloud                 Conjuration/Ice/Air          6
   f - Simulacrum                     Ice/Necromancy               6
 C - a book of Geomancy

   Spells                             Type                      Level
   a - Sandblast                      Earth                        1
   b - Passwall                       Transmutation/Earth          2
   c - Stone Arrow                    Conjuration/Earth            3
   d - Petrify                        Transmutation/Earth          4
   e - Lee's Rapid Deconstruction     Earth                        5
Miscellaneous
 s - a box of beasts
Comestibles
 f - a bread ration
 i - 2 royal jellies
 m - 4 chunks of flesh
 o - 7 fruits
 t - 3 meat rations


   Skills:
 + Level 7.7(12.7) Fighting
 - Level 12.2(17.2) Maces & Flails
 - Level 10.9(15.9) Armour
 - Level 11.2(16.2) Shields
 + Level 1.8 Invocations


You had 10 spell levels left.
You didn't know any spells.

Dungeon Overview and Level Annotations

Branches:
Dungeon (10/15)            Temple (1/1) D:7
   Lair: D:8-11         Orc: D:9-12

Altars:
Ashenzari
Cheibriados
Dithmenos
Elyvilon
Fedhas
Gozag
Hepliaklqana
Kikubaaqudgha
Makhleb
Okawaru
Ru
Sif Muna
Trog
Uskayaw
Vehumet
Xom
Yredelemnul
Zin
The Shining One

Shops:
D:6 =   D:7 }

Portals:
Trove: D:10 (give +2 gold dragon scales)


Innate Abilities, Weirdness & Mutations

You reflexively headbutt those who attack you in melee.
You have a pair of horns on your head.


Message History

You block the vampire's attack. The vampire misses you.
You hit the vampire but do no damage.
The vampire is heavily damaged.
You hit the vampire but do no damage. Your headbutt misses the vampire.
The vampire is heavily damaged.
The vampire casts a spell.
The vampire flickers and vanishes!
Deactivating autopickup; reactivate with Ctrl-A.
You hit something. You miss something. Something hits you but does no damage.
Something barely misses you.
You miss something. Your headbutt misses something.
You hit something but do no damage. Your headbutt misses something.
Unholy energy fills the air.
* * * LOW HITPOINT WARNING * * *
You closely miss something. Your headbutt misses something.
Okay, then.
Okay, then.
You feel yourself speed up.
Unholy energy fills the air.
You die...

....................>.....
..........##..........####
.......(.............##
........##...##..#####
.....$.))..#......#
#####...)........##
#............#
#....{......##
#....@......#
#.#.........#
#.##...##..## ....########
..... .... .... ####
######## #.......


There were no monsters in sight!

Vanquished Creatures
  2 two-headed ogres
  A slime creature (D:9)
  Prince Ribbit (D:7)
  3 hippogriffs
  7 yaks
  Sigmund (D:3)
  2 orc warriors
  3 phantoms
  3 sky beasts
  A black bear (D:4)
  6 ogres
  An ice beast (D:9)
  2 necrophages
  A crocodile (D:9)
  2 big kobolds
  4 bullfrogs
  2 wyvern zombies
  5 scorpions
  A water moccasin skeleton (D:4)
  9 killer bees
  4 howler monkeys
  3 centaur zombies
  3 orc priests
  9 jellies (D:9)
  A human zombie (Ossuary)
  A bullfrog skeleton (D:7)
  3 hounds
  An iguana (D:4)
  17 orc wizards
  A gnoll shaman (D:7)
  Crazy Yiuf (D:3)
  Natasha (D:3)
  3 worker ants
  A killer bee zombie (D:9)
  3 big kobold zombies (Ossuary)
  2 hound zombies (Ossuary)
  3 hound skeletons
  3 mummies (Ossuary)
  10 gnolls
  10 adders
  3 shadow imps
  11 oozes (D:9)
  8 adder zombies
  5 worms
  An adder skeleton (D:5)
  4 leopard geckos
  23 orcs
  4 giant cockroaches
  4 gnoll zombies (Ossuary)
  8 goblins
  4 hobgoblins
  22 jackals
  3 quokkas
  7 bats
  2 frilled lizards
  2 goblin zombies (Ossuary)
  2 hobgoblin zombies (Ossuary)
  3 jackal zombies (Ossuary)
  10 kobolds
  4 kobold zombies (Ossuary)
  A leopard gecko skeleton (D:8)
  An orc zombie (Ossuary)
  3 quokka zombies
  7 rats
  A rat zombie (Ossuary)
280 creatures vanquished.

Vanquished Creatures (others)
  6 fungi (D:9)
6 creatures vanquished.

Grand Total: 286 creatures vanquished

Notes
Turn   | Place    | Note
-------+----------+-------------------------------------------
     0 | D:1      | Klosterheim the Minotaur Fighter began the quest for the Orb.
     0 | D:1      | Reached XP level 1. HP: 19/19 MP: 0/0
    32 | D:1      | Reached skill level 3 in Maces & Flails
    32 | D:1      | Reached XP level 2. HP: 26/26 MP: 1/1
   173 | D:1      | Reached skill level 4 in Maces & Flails
   684 | D:2      | Reached XP level 3. HP: 31/31 MP: 2/2
   764 | D:2      | Found a glowing golden altar of the Shining One.
  1062 | D:2      | Found a hide-covered altar of Uskayaw.
  1146 | D:2      | Reached skill level 5 in Maces & Flails
  1278 | D:2      | Found a deep blue altar of Sif Muna.
  1470 | D:3      | Reached XP level 4. HP: 29/39 MP: 3/3
  1700 | D:3      | Found a shattered altar of Ashenzari.
  1788 | D:3      | Reached skill level 6 in Maces & Flails
  1923 | D:3      | Noticed Sigmund
  1942 | D:3      | Killed Sigmund
  1942 | D:3      | Reached skill level 7 in Maces & Flails
  1942 | D:3      | Reached XP level 5. HP: 18/45 MP: 4/4
  1942 | D:3      | Reached XP level 6. HP: 21/51 MP: 5/5
  2211 | D:3      | Reached skill level 8 in Maces & Flails
  2284 | D:3      | Found a radiant altar of Vehumet.
  2295 | D:3      | Noticed Natasha
  2320 | D:3      | Killed Natasha
  2340 | D:3      | Found a runed door.
  2436 | D:3      | Noticed Crazy Yiuf
  2441 | D:3      | Killed Crazy Yiuf
  2722 | D:4      | Found a burning altar of Makhleb.
  2748 | D:4      | Reached skill level 9 in Maces & Flails
  2761 | D:4      | Reached XP level 7. HP: 40/57 MP: 6/6
  2816 | D:4      | Found a sand-covered staircase.
  2825 | Ossuary  | Entered an ossuary
  3028 | Ossuary  | Reached skill level 10 in Maces & Flails
  3370 | D:4      | Found an ancient bone altar of Kikubaaqudgha.
  3439 | D:4      | Found a basalt altar of Yredelemnul.
  3935 | D:4      | Reached skill level 11 in Maces & Flails
  4032 | D:5      | Entered Level 5 of the Dungeon
  4101 | D:5      | Reached XP level 8. HP: 64/64 MP: 7/7
  4124 | D:5      | Found a white marble altar of Elyvilon.
  4193 | D:5      | You fall through a shaft!
  4306 | D:6      | Reached skill level 12 in Maces & Flails
  4758 | D:6      | Found a blossoming altar of Fedhas.
  4982 | D:6      | Found Soeleap's Jewellery Emporium.
  5390 | D:7      | Reached skill level 5 in Armour
  5390 | D:7      | Reached skill level 5 in Shields
  5475 | D:7      | Found a staircase to the Ecumenical Temple.
  5483 | D:7      | Reached skill level 5 in Fighting
  5498 | D:7      | Noticed Prince Ribbit
  5550 | D:7      | Killed Prince Ribbit
  5550 | D:7      | Reached XP level 9. HP: 60/74 MP: 8/8
  5708 | D:7      | Found Linu Saq's Gadget Shop.
  5877 | D:7      | Found a shimmering altar of Xom.
  6337 | D:7      | Found a shimmering altar of Xom.
  6501 | Temple   | Entered the Ecumenical Temple
  6527 | Temple   | Became a worshipper of Warmaster Okawaru
  6994 | D:8      | Reached XP level 10. HP: 86/86 MP: 9/9
  7029 | D:8      | Noticed a two-headed ogre
  7048 | D:8      | Killed a two-headed ogre
  7048 | D:8      | Reached * piety under Okawaru
  7505 | D:9      | Reached ** piety under Okawaru
  7969 | D:9      | Reached skill level 10 in Shields
  8153 | D:9      | Reached skill level 10 in Armour
  8612 | D:9      | Noticed a two-headed ogre
  8618 | D:9      | Killed a two-headed ogre
  8844 | D:10     | Entered Level 10 of the Dungeon
  8862 | D:10     | Reached *** piety under Okawaru
  8927 | D:10     | Reached XP level 11. HP: 90/92 MP: 10/10
  9037 | D:10     | Reached skill level 1 in Invocations
  9044 | D:10     | Found a portal to a secret trove of treasure.
  9125 | D:10     | Got a shimmering ring mail
  9136 | D:10     | Identified the cursed +0 ring mail "Weusus" {+Blink rC+ MR+ Int-5 Slay-5} (You found it on level 10 of the Dungeon)
  9136 | D:10     | Lost intelligence.
  9364 | D:10     | Lost intelligence.
  9482 | D:10     | HP: 2/93 [vampire (5)]
  9502 | D:10     | Killed from afar by a vampire

Vault maps used:
D:1:      minmay_arrival_doors
D:2:      lemuel_blue_sif_altar, overflow_temple_1_default, tso_metal_star
D:3:      old_standard_altar, cheibrodos_ashenzari_chains,
          hangedman_glass_teeth, cheibrodos_gnoll_hut, uniq_crazy_yiuf_cottage,
          uniq_sigmund, uniq_natasha
D:4:      kennysheep_little_box, lemuel_crystal_altar,
          nicolae_overflow_hidden_temple, nicolae_ossuary_entry_monument
D:5:      kennysheep_mini_moat, first_bread
D:6:      lemuel_coloured_pillars_altar, serial_shops, nicolae_shop_stone
D:7:      old_standard_altar, temple_pool_b, serial_shops, shop,
          minmay_misc_feat_plants, xom_teletrap_fun, uniq_prince_ribbit1
D:8:      grunt_ministairs_12
D:9:      lemuel_slime
D:10:     minmay_sliced_demisemicircle, enter_trove_0
Temple:   chequers_temple_sunken
Ossuary:  minmay_ossuary_two_tombs

Skill      XL: |  1  2  3  4  5  6  7  8  9 10 11 |
---------------+----------------------------------+-----
Maces & Flails | 3 4 5 7 9 11 12 | 12.2
Armour         | 5 7 10 | 10.9
Shields        | 5 8 11 | 11.2
Fighting       | 5 7 |  7.7
Invocations    | 1 |  1.8

Action                   |  1- 3 |  4- 6 |  7- 9 | 10-12 || total
-------------------------+-------+-------+-------+-------++-------
Melee: Flail             |     3 |       |       |       ||     3
       Whip              |    81 |   109 |   556 |   438 ||  1184
       Headbutt          |    10 |    17 |   122 |   104 ||   253
Invok: Heroism           |       |       |       |     4 ||     4
  Use: Scroll            |       |     4 |    12 |     6 ||    22
       Potion            |       |     1 |       |     7 ||     8
 Stab: Invisible         |       |       |       |     3 ||     3
  Eat: Chunk             |     2 |     4 |    12 |     8 ||    26
       Fruit             |       |       |     2 |       ||     2
Armor: Scale mail        |    15 |       |       |       ||    15
       Chain mail        |    17 |    57 |   145 |       ||   219
       Plate armour      |       |       |    20 |    60 ||    80
       Ring mail         |       |       |       |    30 ||    30
Dodge: Dodged            |    21 |    24 |    82 |    58 ||   185
Block: Shield            |    32 |       |    59 |   239 ||   330
       Buckler           |     1 |    19 |    73 |       ||    93
       Reflection        |       |       |     1 |     2 ||     3
